 Dungeon Crawl Stone Soup version 0.17-a0-1373-g64d4c99 (webtiles) character file.

588 nuthulu the Sneak (level 7, -7/36 HPs)
             Began as a Vine Stalker Monk on June 13, 2015.
             Was a Believer of Dithmenos.
             Mangled by nuthulu's ghost (12 damage)
             ... on level 4 of the Dungeon.
             The game lasted 00:17:00 (6218 turns).

nuthulu the Sneak (Vine Stalker Monk)               Turns: 6218, Time: 00:17:00

Health: -7/36      AC:  6    Str: 15    XL:     7   Next: 38%
Magic:  0/8        EV: 10    Int: 10    God:    Dithmenos [**....]
Gold:   142        SH:  0    Dex: 17    Spells: 0 memorised, 6 levels left

rFire  + . .     SeeInvis .     (no weapon)
rCold  . . .     Clarity  .     c - +3 leather armour {rF+}
rNeg   . . .     SustAt   .     (no shield)
rPois  .         Gourm    .     (no helmet)
rElec  .         Spirit   +     (no cloak)
rCorr  .         Warding  .     (no gloves)
rMut   .         Stasis   .     (no boots)
MR     .....                    (no amulet)
Stlth  +++.......               (no ring)
                                (no ring)

@: wreathed by umbra, very heavily drained, not resistant to hostile
enchantments, fairly stealthy
A: fangs 2, regeneration 2, magic shield, antimagic bite, no device heal 3, rot
immunity
a: Shadow Step, Renounce Religion


You were on level 4 of the Dungeon.
You worshipped Dithmenos.
Dithmenos was pleased with you.
You were not hungry.

You visited 1 branch of the dungeon, and saw 4 of its levels.

You collected 142 gold pieces.

Inventory:

Missiles
 g - a throwing net (quivered)
Armour
 a - a +0 robe
 c - a +3 leather armour of fire resistance (worn)
Scrolls
 d - 3 scrolls of recharging
 e - a scroll of identify
Potions
 j - a potion of brilliance
Comestibles
 b - a bread ration
 f - a chunk of flesh
 k - 6 fruits


   Skills:
 - Level 3.2(0.0) Fighting
 * Level 2.1(0.0) Armour
 - Level 3.1(0.0) Dodging
 + Level 7.6(2.8) Stealth
 - Level 5.1(0.6) Unarmed Combat


You had 6 spell levels left.
You didn't know any spells.

Dungeon Overview and Level Annotations

Branches:
Dungeon (4/15)
 Temple: D:4-7

Altars:
Cheibriados
Dithmenos
Elyvilon
Makhleb
Ru
Xom

Annotations:
D:4 nuthulu's ghost, average GrFi


Innate Abilities, Weirdness & Mutations

You have extremely sharp teeth.
You heal very quickly.
When hurt, damage is shared between your health and your magic reserves.
Your bite disrupts and absorbs the magic of your enemies.
Potions and wands cannot restore your health.
You are immune to rotting.


Message History

Nuthulu's ghost turns its malevolent gaze towards you.
You hit nuthulu's ghost but do no damage.
Nuthulu's ghost misses you.
You hit nuthulu's ghost but do no damage.
Nuthulu's ghost hits you!
You feel drained.
You hit nuthulu's ghost but do no damage.
You bite nuthulu's ghost, but do no damage.
Nuthulu's ghost hits you but does no damage.
You feel drained.
You hit nuthulu's ghost but do no damage.
Nuthulu's ghost hits you!
You feel drained.
* * * LOW HITPOINT WARNING * * *
You hit nuthulu's ghost but do no damage.
Nuthulu's ghost hits you.
* * * LOW HITPOINT WARNING * * *
You feel drained.
* * * LOW HITPOINT WARNING * * *
You hit nuthulu's ghost but do no damage.
Nuthulu's ghost hits you!
You die...

.###.###########.#
#######.###
.....รท)........#.#
#..........
.....####.####.#.##
#.#####.###
.###.####.#.......#
#.# #.#
...............#..#
###.#####.#
####......#.#).#..#
#.........# #
######.#.#..#..#
#.........# #
#.#.#..#..#
###.#####.# #
#.#.#..W@.# #.# #.#
#########.#.##.##.#
#.# ##.##
..........#.##.##.#
#.####...##
#########.#.##.##.#
#......#[.. ....##
#.#.#*.##.#
######...## ###..##
#.#.#*,,#.# ##.##
##....###.#,#**,#.#
#.# #......##.#.#
*>#.# #.#
#.....^.....# *,#.#
#.#


You could see nuthulu's ghost.

Vanquished Creatures
  Edmund (D:4)
  The ghost of Kidiri the Sneak, an average KoEn (D:3)
  Blork the orc (D:4)
  Ijyb (D:3)
  An orc priest (D:3)
  An orc wizard (D:3)
  Terence (D:3)
  2 worker ants (D:4)
  8 adders
  2 oozes (D:1)
  2 worms (D:2)
  15 orcs (D:3)
  6 giant cockroaches
  7 goblins
  8 hobgoblins
  4 jackals (D:3)
  9 kobolds
  A quokka (D:3)
  2 ball pythons
  6 bats
  6 giant newts
  9 rats
94 creatures vanquished.

Notes
Turn   | Place    | Note
--------------------------------------------------------------
     0 | D:1      | nuthulu the Vine Stalker Monk began the quest for the Orb.
     0 | D:1      | Reached XP level 1. HP: 11/11 MP: 2/2
   206 | D:1      | Reached XP level 2. HP: 16/16 MP: 3/3
   792 | D:1      | Reached XP level 3. HP: 19/19 MP: 4/4
  1392 | D:2      | Found a snail-covered altar of Cheibriados.
  1513 | D:2      | Reached XP level 4. HP: 19/24 MP: 3/5
  2114 | D:3      | Noticed Ijyb
  2123 | D:3      | Found a faded altar to an unknown god.
  2443 | D:3      | Reached XP level 5. HP: 19/28 MP: 6/6
  2640 | D:3      | Reached skill level 5 in Unarmed Combat
  2924 | D:3      | Found a sacrificial altar of Ru.
  2924 | D:3      | Found a burning altar of Makhleb.
  2924 | D:3      | Found a shimmering altar of Xom.
  2936 | D:3      | Found a white marble altar of Elyvilon.
  3249 | D:3      | Noticed Terence
  3270 | D:3      | Killed Terence
  3270 | D:3      | Reached skill level 5 in Stealth
  3270 | D:3      | Gained mutation: You heal very quickly. [Vine Stalker growth]
  3270 | D:3      | Reached XP level 6. HP: 13/32 MP: 4/7
  3279 | D:3      | Noticed Kidiri's ghost (average KoEn)
  3301 | D:3      | HP: 1/32 [jackal (2)]
  3473 | D:3      | Killed Kidiri's ghost
  3473 | D:3      | Reached skill level 6 in Stealth
  3530 | D:3      | Found a shadowy altar of Dithmenos.
  3542 | D:3      | Became a worshipper of Dithmenos the Shadowed
  3542 | D:3      | Acquired Dithmenos's first power
  3637 | D:3      | Killed Ijyb
  3895 | D:4      | Noticed Blork the orc
  3903 | D:4      | Killed Blork the orc
  3903 | D:4      | Reached skill level 7 in Stealth
  3969 | D:4      | Noticed Edmund
  4007 | D:4      | Killed Edmund
  4007 | D:4      | Reached skill level 1 in Armour
  4007 | D:4      | Reached XP level 7. HP: 16/36 MP: 5/8
  4150 | D:4      | Noticed nuthulu's ghost (average GrFi)
  6218 | D:4      | Mangled by nuthulu's ghost

Vault maps used:
D:1:      minmay_arrival_checkered_box
D:2:      cheibriados_altar_1, first_bread, st_stairs_8, due_unseen_surprise
D:3:      grunt_temple_overflow_cloverleaf, serial_forest,
          infiniplex_forest_lined_3_way, infiniplex_forest_zigzag_1,
          infiniplex_forest_clump_curved, infiniplex_forest_3_way,
          infiniplex_forest_straight_3, infiniplex_forest_lined_corner,
          infiniplex_forest_straight_2, ecumenical_altar_1,
          nicolae_dithmenos_through_a_glass_darkly, uniq_terence, uniq_iyjb
D:4:      uniq_blork_the_orc, uniq_edmund

Action                   |  1- 3 |  4- 6 |  7- 9 || total
-------------------------+-------+-------+-------++-------
Melee: Unarmed           |    75 |   237 |    57 ||   369
  Use: Scroll            |     2 |    11 |       ||    13
       Potion            |       |     3 |       ||     3
 Stab: Sleeping          |     4 |     9 |     2 ||    15
       Distracted        |       |       |     2 ||     2
  Eat: Chunk             |     2 |     6 |     1 ||     9
       Pizza             |       |     1 |       ||     1
       Bread ration      |       |       |     1 ||     1
       Fruit             |       |       |     1 ||     1
       Beef jerky        |       |       |     1 ||     1
